 Dungeon Crawl Stone Soup version 0.21-a0-630-g344d351 (webtiles) character file.

119 Firecrotchwizard the Slasher (level 4, 0/41 HPs)
             Began as a Minotaur Monk on Dec 26, 2017.
             Killed from afar by an orc wizard (7 damage)
             ... with a puff of flame
             ... on level 4 of the Dungeon.
             The game lasted 00:03:30 (2538 turns).

Firecrotchwizard the Slasher (Minotaur Monk)        Turns: 2538, Time: 00:03:30

Health: 0/41       AC:  5    Str: 15    XL:     4   Next: 74%
Magic:  3/3        EV: 12    Int:  4    God:
Gold:   123        SH:  0    Dex: 14    Spells: 3/3 levels left

rFire    . . .     SeeInvis .   a - +0 falchion
rCold    . . .     Gourm    .   (no shield)
rNeg     . . .     Faith    .   i - +0 ring mail (curse)
rPois    .         Spirit   .   (helmet restricted)
rElec    .         Reflect  .   (no cloak)
rCorr    +         Harm     .   (no gloves)
MR       .....                  (no boots)
Stlth    +.........             (no amulet)
HPRegen  0.13/turn              f - ring of resist corrosion
MPRegen  0.08/turn              s - -3 ring of intelligence (curse)

@: lethally poisoned (0 -> -6)
A: retaliatory headbutt, horns 2
a: no special abilities


You were on level 4 of the Dungeon.
You were not hungry.

You visited 1 branch of the dungeon, and saw 4 of its levels.

You collected 123 gold pieces.

Inventory:

Hand Weapons
 a - a +0 falchion (weapon)
 m - a +0 dagger of speed
   (You found it on level 2 of the Dungeon)
Armour
 b - a +0 robe
 i - a cursed +0 ring mail (worn)
   (You found it on level 1 of the Dungeon)
Jewellery
 f - a ring of resist corrosion (left hand)
   (You found it on level 2 of the Dungeon)
 k - an uncursed ring of resist corrosion
   (You found it on level 3 of the Dungeon)
 s - a cursed -3 ring of intelligence (right hand)
   (You found it on level 3 of the Dungeon)
Wands
 t - a wand of digging (9)
   (You found it on level 3 of the Dungeon)
Scrolls
 j - 2 scrolls of identify
 n - a scroll of teleportation
Potions
 d - a potion of flight {unknown}
 e - a potion of berserk rage {!q}
 h - a potion of curing
 l - a potion of haste
 o - a potion of brilliance {unknown}
 p - a potion of degeneration {unknown}
 q - a potion of might {unknown}
Comestibles
 c - 8 rations {@e1}
 g - 3 chunks of flesh {@w0}


   Skills:
 + Level 4.4 Fighting
 * Level 5.0 Long Blades
 + Level 2.0 Armour
 + Level 4.0 Dodging
 - Level 1.7 Stealth


You had 3 spell levels left.
You didn't know any spells.

Dungeon Overview and Level Annotations

Branches:
Dungeon (4/15)
 Temple: D:4-7

Altars:
Hepliaklqana
Nemelex Xobeh
Qazlal
Zin


Innate Abilities, Weirdness & Mutations

You reflexively headbutt those who attack you in melee.
You have a pair of horns on your head.


Message History

You headbutt the frilled lizard, but do no damage.
You riposte.
You miss the frilled lizard. You headbutt the frilled lizard.
You kill the frilled lizard!
You see here a frilled lizard corpse.
You hit the giant cockroach.
You kill the giant cockroach!
Your Long Blades skill increases to level 5!
No target in view!
You butcher the frilled lizard corpse.
g - a chunk of flesh {@w0} You see here a frilled lizard skeleton. x2
You butcher the giant cockroach corpse.
g - 3 chunks of flesh {@w0} (gained 2)
You now have 113 gold pieces (gained 9).
There is an open door here.
Found a stone staircase leading up.
There is an open door here.
There is a stone staircase leading down here.
There is a stone staircase leading down here.
Found a stone staircase leading up.
A hobgoblin comes into view. It is wielding a club.
The hobgoblin shouts!
You hit the hobgoblin. Your headbutt misses the hobgoblin.
The hobgoblin hits you with a club.
You take 1 damage, and have 40/41 hp.
You hit the hobgoblin.
You kill the hobgoblin!
Health restored: 41 No target in view!
You see here a club.
You see here a club.
You open the door.
Found a glowing silver altar of Zin.
There is an open door here.
Done exploring.
Done exploring.
Done exploring.
(D) Dungeon
Where to? (Enter - D:3, ? - help)
There is an open door here.
There is a stone staircase leading down here.
You climb downwards.
There is a stone staircase leading up here.
You now have 123 gold pieces (gained 10).
A worker ant comes into view.
An orc and an orc wizard come into view.
The orc shouts!
You hear a shout!
The worker ant twitches its antennae in your direction.
The orc wizard shouts!
You hear a shout! x2
The orc wizard closely misses you.
You barely miss the orc wizard. The orc wizard barely misses you.
You furiously retaliate!
You headbutt the orc wizard, but do no damage.
An orc wizard comes into view. It is wielding a dagger.
You barely miss the orc wizard. The worker ant bites you.
The orc closely misses you.
You riposte.
You barely miss the orc. You headbutt the orc.
The orc wizard points at you and mumbles some strange words.
The magic dart hits you! The worker ant closely misses you.
You furiously retaliate!
You headbutt the worker ant.
You take 9 damage, and have 32/41 hp.
MASSIVE DAMAGE!!
You hit the worker ant.
The worker ant bites you but does no damage.
The orc closely misses you. You furiously retaliate!
You headbutt the orc.
The orc wizard hits you but does no damage.
You hit the worker ant. The worker ant closely misses you.
You furiously retaliate!
You headbutt the worker ant, but do no damage.
The orc hits you but does no damage.
The orc wizard casts a spell.
The orc wizard flickers and vanishes!
Deactivating autopickup; reactivate with Ctrl-A.
The orc wizard misses you.
An orc comes into view. It is wielding a mace.
You closely miss the worker ant.
The orc shouts!
You headbutt the worker ant, but do no damage.
You hear a shout!
The worker ant bites you. The orc hits you with a dagger.
You hear some strange, mumbled words.
A puff of flame appears from out of thin air!
The puff of flame misses you.
The orc wizard gestures at you while chanting.
The puff of flame hits you!
* * * LOW HITPOINT WARNING * * *
A worker ant comes into view.
You take 24 damage, and have 8/41 hp.
MASSIVE DAMAGE!!
The worker ant twitches its antennae in your direction.
You hit the orc.
You kill the orc!
The worker ant bites you.
* * * LOW HITPOINT WARNING * * *
You are poisoned.
The worker ant poisons you!
You hear some strange, mumbled words.
A puff of flame appears from out of thin air!
The puff of flame hits you!
You die...

#### ##a.. #...
. ##o.# ..
#.{o###.$.
##.@a......
#...)......
##..........
#?..........
##...........
##............
##..###########
#..## ##.##


You could see 2 worker ants, an orc wizard and an orc.

Vanquished Creatures
  7 adders
  An ooze (D:1)
  A dart slug (D:2)
  2 orcs
  3 giant cockroaches
  5 goblins
  7 hobgoblins
  4 jackals (D:1)
  A ball python (D:3)
  6 bats
  2 frilled lizards
  6 kobolds
  7 rats
52 creatures vanquished.

Notes
Turn   | Place    | Note
-------+----------+-------------------------------------------
     0 | D:1      | Firecrotchwizard the Minotaur Monk began the quest for the Orb.
     0 | D:1      | Reached XP level 1. HP: 19/19 MP: 0/0
   162 | D:1      | Reached XP level 2. HP: 27/27 MP: 1/1
   319 | D:1      | Reached skill level 4 in Long Blades
   910 | D:2      | Reached skill level 4 in Fighting
   910 | D:2      | Reached skill level 1 in Armour
   944 | D:2      | Reached XP level 3. HP: 33/33 MP: 2/2
   949 | D:2      | Found a sparkling altar of Nemelex Xobeh.
   999 | D:2      | Found a hazy altar of Hepliaklqana.
  1305 | D:2      | HP: 8/33 [poisoned by an adder]
  1311 | D:2      | HP: 5/33 [poisoned by an adder]
  1316 | D:2      | HP: 3/33 [poisoned by an adder]
  1324 | D:2      | HP: 3/49 [poisoned by an adder]
  1332 | D:2      | HP: 1/33 [poisoned by an adder]
  1792 | D:3      | Found a stormy altar of Qazlal.
  1797 | D:3      | Reached XP level 4. HP: 35/40 MP: 3/3
  2051 | D:3      | Reached skill level 4 in Dodging
  2208 | D:3      | Reached skill level 2 in Armour
  2321 | D:3      | Reached skill level 5 in Long Blades
  2505 | D:3      | Found a glowing silver altar of Zin.
  2537 | D:4      | HP: 8/41 [orc wizard/puff of flame (13)]
  2538 | D:4      | Killed from afar by an orc wizard

Vault maps used:
D:1:      saegor_arrival_simple_e, st_stairs_10
D:2:      old_standard_altar, lemuel_crystal_altar, first_ration,
          serial_bayou_lagoon_b
D:3:      grunt_qazlal_clouds, zin_treasury
D:4:      overflow_temple_1_default, lemuel_round_altar

Skill      XL: |  1  2  3  4 |
---------------+-------------+-----
Long Blades    | 4 5 |  5.0
Fighting       | 4 |  4.4
Armour         | 1 2 |  2.0
Dodging        | 4 |  4.0
Stealth        | |  1.7

Action                   |  1- 3 |  4- 6 || total
-------------------------+-------+-------++-------
Melee: Falchion          |    84 |    39 ||   123
       Headbutt          |    12 |    10 ||    22
  Use: Potion            |     2 |       ||     2
       Scroll            |       |     3 ||     3
 Stab: Sleeping          |     1 |     1 ||     2
  Eat: Chunk             |     3 |     2 ||     5
Armor: Robe              |     1 |       ||     1
       Ring mail         |    24 |     8 ||    32
Dodge: Dodged            |    56 |    31 ||    87
       Rpst.: Falchion   |    13 |     6 ||    19

Table legend:
 A = Spawn XP
 B = Non-spawn XP
 C = Spawn XP percentage of total XP
 D = Spawn monster count
 E = Non-spawn monster count
 F = Spawn count percentage of total count
 G = Total turns spent on level
                    A         B        C        D         E        F      G
               +---------+---------+-------+---------+---------+-------+---------
         Total |       0 |     171 |   0.0 |       0 |      52 |   0.0 |  2538
               +---------+---------+-------+---------+---------+-------+---------
           D:1 |       0 |      36 |   0.0 |       0 |      19 |   0.0 |   865
           D:2 |       0 |      60 |   0.0 |       0 |      16 |   0.0 |   924
           D:3 |       0 |      72 |   0.0 |       0 |      16 |   0.0 |   724
           D:4 |       0 |       3 |   0.0 |       0 |       1 |   0.0 |    25
               +---------+---------+-------+---------+---------+-------+---------

Vault maps used:
D:1:      saegor_arrival_simple_e, st_stairs_10
D:2:      old_standard_altar, lemuel_crystal_altar, first_ration,
          serial_bayou_lagoon_b
D:3:      grunt_qazlal_clouds, zin_treasury
D:4:      overflow_temple_1_default, lemuel_round_altar

Table legend:
 A = Turns spent in this place as a percentage of turns spent in the entire game.
 B = Non-inter-level travel turns spent in this place as a percentage of non-inter-level travel turns spent in the entire game.
 C = Inter-level travel turns spent in this place as a percentage of turns spent in this place.
 D = Turns resting spent in this place as a percentage of non-inter-level travel turns spent in this place.
 E = Turns spent auto-exploring this place as a percentage of non-inter-level travel turns spent in this place.
 F = Non-inter-level travel turns spent in this place divided by the number of levels of this place that you've seen.
                   A       B       C       D       E      F
               +-------+-------+-------+-------+-------+----------------------
         Total | 100.0 | 100.0 |   2.0 |  24.3 |  63.2 | 621.5
       Dungeon | 100.0 | 100.0 |   2.0 |  24.3 |  63.2 | 621.5
               +-------+-------+-------+-------+-------+----------------------

Table legend:
 A = Kills in this place as a percentage of kills in entire the game.
 B = Kills by you in this place as a percentage of kills by you in the entire game.
 C = Kills by friends in this place as a percentage of kills by friends in the entire game.
 D = Other kills in this place as a percentage of other kills in the entire game.
 E = Experience gained in this place as a percentage of experience gained in the entire game.
 F = Experience gained in this place divided by the number of levels of this place that you have seen.
                   A       B       C       D       E      F
               +-------+-------+-------+-------+-------+----------------------
         Total | 100.0 | 100.0 |   N/A |   N/A | 100.0 |  42.8
       Dungeon | 100.0 | 100.0 |   N/A |   N/A | 100.0 |  42.8
               +-------+-------+-------+-------+-------+----------------------
